AoeStats
← 1980017697

Nomad

505166371Analyzed
3v3 RM · 25d ago on Sep 8, 2026· 59m 48s· 6 players
Game mode
Random Map
Map size
210×210
Population
200
Speed
Normal
Resources
Standard
Victory
Conquest
Starting age
Dark Age
Ending age
Imperial Age
RankedLock teamsTeams togetherTeam positionsShared explorationLock speedFull tech treeHidden civsTurbo modeCheats
Victory
Defeat
🇧🇷 Celts · Brazil
1129
+13
🇺🇸 Teutons · United States
1101
+15
🇳🇿 Spanish · New Zealand
1061
+16
🇹🇼 Gurjaras · Taiwan
1151
-18
🇨🇳 Wei · China
1040
-39
🇦🇺 Huns · Australia
1013
-12
SoloTheDog
13:35 Feudal Age
14:08 Man-at-Arms
23:57 Castle Age
21:45 Loom
23:10 Scale Mail Armor
23:59 Long Swordsman
24:40 Squires
27:10 Forging
33:46 Pikeman
37:51 Gambesons
38:23 Chain Mail Armor
39:01 Wheelbarrow
45:43 Imperial Age
44:31 Iron Casting
45:50 Halberdier
45:50 Two-Handed Swordsman
47:50 Blast Furnace
47:20 Plate Mail Armor
48:04 Champion
51:58 Hand Cart
53:47 Horse Collar
54:42 Heavy Plow
56:01 Ironclad
55:37 Fletching
57:50 Crop Rotation
57:08 Double-Bit Axe
58:15 Town Watch
58:44 Bow Saw
58:29 Gold Mining
59:43 Town Patrol
60:48 Two-Man Saw
59:45 Stone Mining
S.O.A.D_BR
5:59 Loom
15:57 Feudal Age
17:41 Double-Bit Axe
21:11 Castle Age
20:05 Horse Collar
23:31 Stone Mining
24:50 Stone Shaft Mining
25:06 Bow Saw
24:59 Heavy Plow
25:25 Gold Mining
26:04 Scale Mail Armor
26:25 Pikeman
26:52 Gambesons
28:25 Forging
29:40 Chain Mail Armor
31:05 Iron Casting
32:31 Padded Archer Armor
33:06 Fletching
32:48 Elite Skirmisher
38:22 Bodkin Arrow
39:07 Leather Archer Armor
46:16 Imperial Age
46:26 Halberdier
51:15 Blast Furnace
53:22 Plate Mail Armor
55:36 Arson
Huldron
15:02 Feudal Age
Penguins1891
12:58 Feudal Age
13:44 Double-Bit Axe
15:00 Gold Mining
16:49 Fishing Lines
17:18 Loom
21:16 Castle Age
19:42 Fletching
19:52 Padded Archer Armor
20:42 Fishing Lines
22:43 Wheelbarrow
23:32 Bodkin Arrow
24:48 Gillnets
27:28 Leather Archer Armor
30:24 Hand Cart
31:04 Bloodlines
30:54 Husbandry
32:17 Scale Mail Armor
32:28 Forging
32:24 Scale Barding Armor
38:41 Imperial Age
38:46 Cavalier
38:48 Capped Ram
39:41 Siege Ram
41:53 Iron Casting
41:39 Chain Barding Armor
44:32 Plate Barding Armor
44:58 Blast Furnace
44:10 Elite Skirmisher
45:28 Parthian Tactics
45:17 Paladin
48:38 Chemistry
47:41 Scale Mail Armor
50:22 Bracer
excboom
3:45 Loom
14:02 Feudal Age
15:17 Double-Bit Axe
17:01 Gold Mining
18:08 Forging
20:14 Castle Age
18:07 Stone Mining
18:49 Scale Barding Armor
19:50 Bloodlines
21:35 Chain Barding Armor
24:24 Town Watch
28:31 Wheelbarrow
29:11 Gold Shaft Mining
28:30 Horse Collar
31:16 Stone Shaft Mining
33:28 Heavy Plow
34:16 Hand Cart
1980017697
5:47 Loom
16:28 Feudal Age
17:04 Town Watch
21:23 Fishing Lines
29:38 Castle Age
29:21 Wheelbarrow
29:42 Forging
29:43 Scale Barding Armor
31:18 Coinage
33:26 Chain Barding Armor
33:43 Iron Casting
33:38 Caravan
34:45 Town Patrol
35:52 Bloodlines
35:03 Light Cavalry
40:26 Gillnets
42:23 Tuntian
44:38 Clinker Construction
44:34 Guard Tower
47:33 Husbandry
50:43 Hand Cart
54:06 Imperial Age
55:25 Heavy Hei Guang Cavalry
Connection lost

Rejoining the realm…

Still unreachable

The connection could not be restored.

Session expired

The server has moved on; the page needs a fresh start.